 Dungeon Crawl Stone Soup version 0.31.0-4-g52a2dc7128 (webtiles) character file.

Game seed: 5141100533708975219

0 SnakkuSnakku7 the Ducker (level 1, 0/13 HPs)
             Began as a Merfolk Earth Elementalist on Jan 22, 2024.
             Slain by a hobgoblin (3 damage)
             ... on level 1 of the Dungeon.
             The game lasted 00:00:17 (56 turns).

SnakkuSnakku7 the Ducker (Merfolk Earth Elementalist) Turns: 56, Time: 00:00:17

Health: 0/13       AC:  2    Str:  8    XL:     1   Next: 10%
Magic:  1/3        EV: 12    Int: 14    God:
Gold:   2          SH:  0    Dex: 14    Spells: 3/4 levels left

rFire   . . .        (no weapon)
rCold   . . .        (no shield)
rNeg    . . .        a - +0 robe
rPois   .            (no helmet)
rElec   .            (no cloak)
rCorr   .            (no gloves)
SInv    .            (no boots)
Will    .....        (no amulet)
Stlth   ++           (no ring)
HPRegen 0.22/turn    (no ring)
MPRegen 0.08/turn

%: no passive effects
@: no status effects
A: (nimble swimmer 2), mertail
a: no special abilities


You were on level 1 of the Dungeon.
You visited 1 branch of the dungeon, and saw 1 of its levels.

You collected 2 gold pieces.

Inventory:

Armour
 a - a +0 robe (worn)
Potions
 b - a potion of magic


   Skills:
 + Level 0.2 Fighting
 - Level 2.6 Dodging
 - Level 2.1 Stealth
 - Level 2.0 Spellcasting
 - Level 0.7 Conjurations
 - Level 2.4 Earth Magic


You had 3 spell levels left.
You knew the following spells:

 Your Spells              Type           Power      Damage    Failure   Level
a - Sandblast             Erth           16%        2d6       9%          1

Your spell library contained the following spells:

 Spells                   Type           Power      Damage    Failure   Level
 Passwall                 Erth           8%         N/A       26%         3
 Stone Arrow              Conj/Erth      10%        3d7       36%         3
 Brom's Barrelling Bould  Conj/Erth      5%         2d3       77%         4
 Petrify                  Alch/Erth      4%         N/A       82%         4


Dungeon Overview and Level Annotations

Branches:
Dungeon (1/15)

Altars:


Innate Abilities, Weirdness & Mutations

((You are very nimble when in or above water. (Stealth+, EV+, Speed+++)))
Your lower body shifts to a powerful aquatic tail in water.


Message History

The hobgoblin hits you but does no damage.
Aiming: Sandblast (safe; 9% risk of failure)
Press: ? - help, Q - select action Shift-Dir - straight line, p - hobgoblin
Okay, then.
Found a potion of magic.
A rat comes into view.
Found Plato's Volume of Concoctions.
Found a faded altar of an unknown god.
The hobgoblin evades a web.
You hit the hobgoblin but do no damage.
The hobgoblin is moderately wounded.
The hobgoblin hits you but does no damage.
Your magical contamination has completely faded away.
You hit the hobgoblin but do no damage.
The hobgoblin is moderately wounded.
The hobgoblin closely misses you.
You hit the hobgoblin but do no damage.
The hobgoblin is moderately wounded.
The hobgoblin hits you.
You hit the hobgoblin but do no damage.
The hobgoblin is moderately wounded.
The rat bites you. The hobgoblin hits you.
* * * LOW HITPOINT WARNING * * *
You are too injured to fight recklessly!
You completely miss the hobgoblin.
The hobgoblin is moderately wounded.
The rat closely misses you. The hobgoblin misses you.
Unknown command.
You closely miss the rat. The rat barely misses you.
You hit the rat but do no damage. The rat bites you.
* * * LOW HITPOINT WARNING * * *
You hit the rat.
The rat is moderately wounded.
The rat misses you.
Aiming: Sandblast (safe; 9% risk of failure)
Press: ? - help, Q - select action Shift-Dir - straight line, f/p - hobgoblin
Aim: a hobgoblin (moderately wounded, 81% to hit)
The blast of sand hits the rat!
You kill the rat!
The hobgoblin hits you.
You die...

. ## ##### ..####.
...## ....... ##..$#
#....#.P...#
..#.##...# #
.#.#.....#
#.#.#.#.##^..#
.#.#.#.#.^..######.#
..#.#.#_!...g@....#
#.#P#.#P..#######.#
#.#.#.##^.#
#.P#.#P...#
#...#.##..#
##..P#.P..##
##...##....
##......##.
#######..#####


You could see a hobgoblin.

Vanquished Creatures
  2 rats (D:1)
2 creatures vanquished.

Notes
Turn   | Place    | Note
-------+----------+-------------------------------------------
     0 | D:1      | SnakkuSnakku7 the Merfolk Earth Elementalist began the
                  | quest for the Orb.
     0 | D:1      | Reached XP level 1. HP: 13/13 MP: 3/3
    42 | D:1      | Found a faded altar of an unknown god.
    56 | D:1      | Slain by a hobgoblin

Illustrated notes

Levels and vault maps discovered:
D:1:      roadster_arrival_rocket_small, layout_loops_ring,
          shapermc_ecumenical_altar_rom_forum, minmay_split_cup_large

Action                     || total
---------------------------++-------
  Melee: Unarmed           ||     8
   Cast: Sandblast         ||     3
 Armour: Robe              ||     8
  Dodge: Dodged            ||     6
